 Dungeon Crawl Stone Soup version 0.32-a0-643-ga006e7742e (webtiles) character file.

Game seed: 9352016731198802225

3769 Drazool the Carver (level 9, -2/65 HPs)
             Began as a Vampire Gladiator on Mar 7, 2024.
             Was an Initiate of Gozag.
             Slain by an orc warrior
             ... wielding a +0 hand axe
              (11 damage)
             ... on level 9 of the Dungeon.
             The game lasted 00:37:21 (8237 turns).

Drazool the Carver (Vampire Gladiator)              Turns: 8237, Time: 00:37:21

Health: -2/65      AC:  5    Str: 13    XL:     9   Next: 94%
Magic:  9/9        EV: 14    Int: 11    God:    Gozag
Gold:   901        SH:  0    Dex: 19    Spells: 6/8 levels left

rFire   . . .        b - +4 dagger
rCold   . . .        (no shield)
rNeg    . . .        d - +0 leather armour
rPois   .            c - +0 helmet
rElec   .            (no cloak)
rCorr   .            p - +0 pair of gloves
SInv    +            (no boots)
Will    .....        (no amulet)
Stlth   ++++         (no ring)
HPRegen 0.50/turn    (no ring)
MPRegen 0.11/turn

%: no passive effects
@: gold aura, healing quickly
A: alive, fangs 3, see invisible, vampiric 2
a: Exsanguinate, Renounce Religion, Potion Petition, Call Merchant, Bribe Branch


You were on level 9 of the Dungeon.
You worshipped Gozag.
Gozag was pleased with you.
You visited 1 branch of the dungeon, and saw 9 of its levels.
You also visited: Sewer.

You collected 911 gold pieces.
You paid 10 gold pieces to Gozag.


Innate Abilities, Weirdness & Mutations

Your natural rate of healing is accelerated.
You have razor-sharp teeth.
You have supernaturally acute eyesight. (SInv)
You are afflicted with vampirism and can become a bat while bloodless.


   Skills:
 - Level 4.0 Fighting
 + Level 6.0(8.7) Short Blades
 - Level 8.9(9.6) Long Blades
 - Level 3.0 Throwing
 - Level 5.0 Dodging
 + Level 8.6 Stealth
 + Level 4.9 Hexes
 - Level 4.0 Evocations


You had 6 spell levels left.
You knew the following spells:

 Your Spells              Type           Power      Damage    Failure   Level
X - Jinxbite              Hex            20%        N/A       10%         2

Your spell library contained the following spells:

 Spells                   Type           Power      Damage    Failure   Level
 Apportation              Tloc           0%         N/A       41%         1
 Freeze                   Ice            0%         1d3       41%         1
 Sandblast                Erth           0%         2d4       41%         1
 Frozen Ramparts          Ice            0%         1d1       80%         3
 Hailstorm                Conj/Ice       0%         3d5       80%         3
 Passwall                 Erth           0%         N/A       80%         3
 Stone Arrow              Conj/Erth      0%         3d7       80%         3
 Brom's Barrelling Bould  Conj/Erth      0%         2d3       99%         4
 Alistair's Intoxication  Alch           0%         N/A       100%        5
 Summon Forest            Summ/Tloc      0%         N/A       100%        5
 Eringya's Noxious Bog    Alch           0%         4d6       100%        6
 Summon Hydra             Summ           0%         N/A       100%        7

Inventory:

Hand Weapons
 a - a +0 long sword
 b - a +4 dagger (weapon)
Missiles
 e - a javelin
 g - 4 poisoned darts (quivered)
 k - a throwing net {=f}
 t - 2 curare-tipped darts {=f}
Armour
 c - a +0 helmet (worn)
 d - a +0 leather armour (worn)
 p - a +0 pair of gloves (worn)
Magical Staves
 h - a staff of cold {!a}
 C - a staff of air {!a}
Jewellery
 v - an amulet of magic regeneration
 T - a +4 ring of protection
 Z - a ring of wizardry
Wands
 m - a wand of acid (8)
 r - a wand of paralysis (4)
 s - a wand of flame (25)
 w - a wand of warping (7)
Scrolls
 x - a scroll of fog
 y - 2 scrolls of torment {unknown}
 B - a scroll of teleportation {@r2}
 D - a scroll of enchant weapon {unknown}
 E - a scroll of noise {unknown}
Potions
 i - 2 potions of enlightenment
 j - 2 potions of brilliance
 l - a potion of haste {unknown}
 n - a potion of curing {@q1}
 o - a potion of heal wounds {@q2}
 q - a potion of ambrosia {unknown}
 u - a potion of resistance {unknown}
 z - a potion of attraction {unknown}
 A - a potion of invisibility {unknown}

Dungeon Overview and Level Annotations

Branches:
Dungeon (10/15)            Temple (0/1) D:6            Lair (0/5) D:9
  Sewer (visited)
    Orc: D:9-12

Altars:
Ashenzari
Gozag
Kikubaaqudgha
Sif Muna
Trog
Vehumet
Wu Jian

Shops:
D:3

* ******'*****,*####........)..#
* *,,,.........#####...........#
* *,,..........#####..........>#
***,,.......$..#####...........#
,**,,......(...#####)...>......#
,,+,,..........###.'ยง..........#
***,,..........##..#...........#
*,,........$$#)o##...........#
*,,.$...(...)$@###...........#
*,,......$...#####...........#
*,,....<.....# #...........#
***######+#### ######+######
****,,* *,,,***** *,,,,**
***,,,,,* ******+********
*********,**,, *,<,,,,,,,,,,,*
**,,,,,,,,,,,,, **,,,,,,,,,,,,,*
**,,,+*******+,,


You could see an orc warrior.


Message History

You are engulfed in a cloud of scalding steam.
The steam dragon barely misses you. x2
There is an open door, spattered with blood here.
Aiming: Corrosive Bolt
Press: ? - help, Shift-Dir - straight line, f - steam dragon
Aim: a steam dragon (steam, lightly wounded, 74% to hit)
The bolt of acid hits the steam dragon!
The acid corrodes the steam dragon!
The steam dragon is severely wounded.
You are engulfed in a cloud of scalding steam.
* * * LOW HITPOINT WARNING * * *
The steam dragon closely misses you. The steam dragon claws you.
* * * LOW HITPOINT WARNING * * *
Unknown command.
Aiming: Corrosive Bolt
Press: ? - help, Shift-Dir - straight line, f/p - steam dragon
Aim: a steam dragon (steam, severely wounded, covered in acid, 74% to hit)
The bolt of acid misses the steam dragon.
The steam dragon breathes steam at you. The ball of steam hits you!
* * * LOW HITPOINT WARNING * * *
Aiming: Corrosive Bolt
Press: ? - help, Shift-Dir - straight line, f/p - steam dragon
Aim: a steam dragon (severely wounded, covered in acid, 74% to hit)
The bolt of acid hits the steam dragon!!
You kill the steam dragon!
You are engulfed in a cloud of scalding steam.
* * * LOW HITPOINT WARNING * * *
The orc warrior hits you with a +0 hand axe!
You die...
Your body crumbles into a pile of gold.

Skill      XL: |  1  2  3  4  5  6  7  8  9 |
---------------+----------------------------+-----
Long Blades    | 4 5 7 8 |  8.9
Stealth        | 1 3 4 5 8 |  8.6
Dodging        | 5 |  5.0
Fighting       | 3 4 |  4.0
Throwing       | 3 |  3.0
Evocations     | 2 4 |  4.0
Short Blades   | 6 |  6.0
Hexes          | 4 |  4.9

Action                     |  1- 3 |  4- 6 |  7- 9 || total
---------------------------+-------+-------+-------++-------
  Melee: Long sword        |    87 |   100 |   237 ||   424
         Bite              |    10 |     8 |    69 ||    87
         Dagger            |       |       |   222 ||   222
  Throw: Throwing net      |       |     5 |       ||     5
         Dart              |       |     4 |    79 ||    83
         Javelin           |       |     1 |       ||     1
  Evoke: Wand              |       |     2 |    29 ||    31
    Use: Scroll            |       |       |     7 ||     7
         Potion            |       |       |     1 ||     1
   Stab: Sleeping          |       |     7 |    14 ||    21
         Distracted        |       |     1 |     2 ||     3
         Paralysed         |       |       |    11 ||    11
 Armour: Leather armour    |    48 |    55 |   213 ||   316
  Dodge: Dodged            |    63 |    52 |   267 ||   382

Levels and vault maps discovered:
D:1:      lightli_arrival_maybe_door_vault, layout_basic
D:2:      layout_rooms, basic_altar, serial_co_window_serial, co_window_paths_b,
          co_window_paths_a, co_window_of_opportunity_a, co_window_corner_a,
          co_window_paths_a, co_window_paths_b, co_window_paths_a,
          co_window_paths_a, co_window_corner_a, co_window_corner_b,
          co_window_broadway_b, co_window_corner_b, co_window_corner_b,
          co_window_corner_ca, co_window_of_opportunity_b, co_window_paths_d,
          glass_columns_c, glass_columns_a, glass_columns_a, glass_columns_c,
          shapermc_ecumenical_altar_flowoftime, uniq_sigmund, uniq_robin,
          uniq_terence
D:3:      layout_basic, hellmonk_sif_muna_bookshelves, kiku_gazebo_pond_becter,
          nicolae_gozag_zags_fifth_avenue, mainiacjoe_overflow_alcove_1,
          serial_bayou_lagoon_a, chequers_arboretum, uniq_grinder
D:4:      layout_loops_ring, vehumet_altar_wand_db,
          mainiacjoe_overflow_small_starburst, uniq_menkaure
D:5:      cheibrodos_barr_body, layout_basic, kennysheep_mini,
          gup_sewer_entry_spiral, uniq_ijyb, uniq_edmund
D:6:      layout_basic, kennysheep_mini_moat, minmay_temple_entry_waves,
          kennysheep_generic_room_13
D:7:      layout_basic, grunt_ministairs_10, minmay_crossroads, uniq_duvessa
D:9:      layout_roguey, nicolae_ru_great_annihilating_truth,
          lemuel_zombie_altar_yredelemnul, erik_lair_orcish_takeover,
          ebering_ghost_reflecting_pool
D:10:     layout_irregular_city, dk_vineyard_2, lightli_orcish_oven

Notes
Turn   | Place    | Note
-------+----------+-------------------------------------------
     0 | D:1      | Drazool the Vampire Gladiator began the quest for the Orb.
     0 | D:1      | Reached XP level 1. HP: 16/16 MP: 1/1
   132 | D:1      | Reached XP level 2. HP: 19/22 MP: 2/2
   480 | D:2      | Noticed Robin
   480 | D:2      | Noticed Terence
   493 | D:1      | Reached skill level 4 in Long Blades
   551 | D:2      | Found a faded altar of an unknown god.
   639 | D:2      | Reached skill level 1 in Stealth
   639 | D:2      | Gained mutation: You are afflicted with vampirism and can
                  | become a bat while bloodless. [Vampire growth]
   639 | D:2      | Reached XP level 3. HP: 27/27 MP: 3/3
   677 | D:2      | Found a bloodstained altar of Trog.
   692 | D:2      | Killed Terence
   693 | D:2      | Reached skill level 3 in Stealth
   695 | D:2      | Reached XP level 4. HP: 25/33 MP: 4/4
   725 | D:2      | Reached skill level 4 in Stealth
  1341 | D:2      | Killed Robin
  1385 | D:2      | Reached skill level 4 in Dodging
  1720 | D:2      | Noticed Sigmund
  1734 | D:2      | Killed Sigmund
  1735 | D:2      | Reached skill level 5 in Dodging
  1735 | D:2      | Reached skill level 3 in Fighting
  1735 | D:2      | Reached XP level 5. HP: 41/41 MP: 5/5
  1735 | D:2      | Reached XP level 6. HP: 47/47 MP: 6/6
  1901 | D:3      | Found Gozag's Platinum Reserve.
  1902 | D:3      | Found an opulent altar of Gozag.
  1965 | D:3      | Found an ancient bone altar of Kikubaaqudgha.
  2259 | D:3      | Reached skill level 2 in Throwing
  2377 | D:3      | Noticed Grinder
  2400 | D:3      | Killed Grinder
  2401 | D:3      | Reached skill level 3 in Throwing
  2401 | D:3      | Reached skill level 5 in Long Blades
  2401 | D:3      | Reached XP level 7. HP: 41/52 MP: 7/7
  2509 | D:3      | Found a shimmering blue altar of Sif Muna.
  2739 | D:3      | Found a broken altar of Ashenzari.
  2943 | D:3      | Became a worshipper of Gozag Ym Sagoz the Greedy
  3068 | D:4      | Reached skill level 6 in Long Blades
  3125 | D:4      | Found a bloodstained altar of Trog.
  3147 | D:4      | Noticed Menkaure
  3690 | D:4      | Reached skill level 7 in Long Blades
  3784 | D:4      | Found a radiant altar of Vehumet.
  3947 | D:4      | Killed Menkaure
  3948 | D:4      | Reached skill level 2 in Evocations
  4043 | D:5      | Entered Level 5 of the Dungeon
  4052 | D:4      | Reached XP level 8. HP: 52/58 MP: 8/8
  4263 | D:5      | Found a glowing drain.
  4277 | Sewer    | Entered a sewer
  4288 | Sewer    | Reached skill level 3 in Evocations
  4491 | Sewer    | Reached skill level 5 in Stealth
  4852 | D:5      | Reached skill level 4 in Fighting
  4885 | D:5      | Noticed a kobold demonologist
  5024 | D:5      | Reached skill level 8 in Long Blades
  5039 | D:5      | Noticed an ice devil
  5069 | D:5      | Reached skill level 4 in Evocations
  5093 | D:5      | Killed a kobold demonologist
  5094 | D:5      | Reached XP level 9. HP: 57/65 MP: 9/9
  5322 | D:5      | Reached skill level 1 in Short Blades
  5356 | D:5      | Noticed Edmund
  5365 | D:5      | Killed Edmund
  5366 | D:5      | Reached skill level 2 in Short Blades
  5656 | D:5      | Noticed Ijyb
  5658 | D:5      | Killed Ijyb
  5659 | D:5      | Reached skill level 3 in Short Blades
  6336 | D:6      | Found a staircase to the Ecumenical Temple.
  6377 | D:6      | Reached skill level 4 in Short Blades
  6635 | D:6      | Found an ornate altar of the Wu Jian Council.
  6655 | D:6      | Reached skill level 6 in Stealth
  7029 | D:6      | Learned a level 2 spell: Jinxbite
  7121 | D:7      | Reached skill level 1 in Hexes
  7144 | D:7      | Reached skill level 7 in Stealth
  7153 | D:7      | Reached skill level 2 in Hexes
  7281 | D:7      | Reached skill level 5 in Short Blades
  7443 | D:7      | Reached skill level 3 in Hexes
  7747 | D:7      | Reached skill level 8 in Stealth
  7747 | D:7      | Reached skill level 4 in Hexes
  7918 | D:7      | You fall into a shaft and drop 3 floors!
  7918 | D:10     | Entered Level 10 of the Dungeon
  7979 | D:9      | Noticed a troll
  8035 | D:9      | Reached skill level 6 in Short Blades
  8237 | D:9      | Slain by an orc warrior

Vanquished Creatures
  A kobold demonologist (D:5)
  Grinder (D:3)
  Sigmund (D:2)
  A shadow (D:9)
  A steam dragon (D:9)
  Menkaure (D:4)
  Edmund (D:5)
  3 water moccasins
  A sky beast (D:7)
  An ice beast (D:6)
  2 black bears
  A centaur (D:5)
  A wolf (D:9)
  2 phantoms (D:5)
  A kobold brigand (Sewer)
  2 bullfrogs (D:6)
  3 scorpions
  A gnoll sergeant (D:7)
  4 killer bees (D:7)
  A jelly (D:5)
  2 howler monkeys
  2 bombardier beetles (D:4)
  6 orc priests
  4 hounds
  3 sleepcaps
  Terence (D:2)
  4 iguanas
  4 orc wizards
  Ijyb (D:5)
  Robin (D:2)
  7 gnolls
  10 adders
  3 river rats
  2 shadow imps
  4 dart slugs
  A ribbon worm (D:5)
  24 orcs
  5 endoplasms
  4 giant cockroaches
  12 goblins
  12 hobgoblins
  6 jackals
  3 quokkas
  5 ball pythons
  7 bats
  3 frilled lizards
  13 kobolds
  6 rats
185 creatures vanquished.

Table legend: (Time is in decaauts)
 A = Elapsed time spent in this place.
 B = Non-inter-level travel time spent in this place.
 C = Inter-level travel time spent in this place.
 D = Time resting spent in this place.
 E = Time spent auto-exploring this place.
 F = Levels seen in this place.
 G = Mean time per level.
                   A        B        C        D        E       F      G
               +--------+--------+--------+--------+--------+-----+--------+
         Total |   8302 |   7913 |    389 |    952 |   4769 |  10 |  830.2 |
       Dungeon |   7881 |   7492 |    389 |    852 |   4614 |   9 |  875.7 |
         Sewer |    420 |    420 |      0 |    100 |    155 |   1 |  420.0 |
               +--------+--------+--------+--------+--------+-----+--------+

Top non-repeatable levels by time:
     D:5: 1575 daAuts
     D:2: 1384 daAuts
     D:3: 1216 daAuts
     D:6: 1027 daAuts
     D:4: 1027 daAuts
     D:7: 817 daAuts
     D:1: 526 daAuts
   Sewer: 420 daAuts
     D:9: 251 daAuts
    D:10: 53 daAuts

Table legend:
 A = Non-vault XP
 B = Vault XP
 C = Vault XP percentage of total XP
 D = Non-vault monster count
 E = Vault monster count
 F = Vault count percentage of total count
                 A         B        C        D         E       F
            +---------+---------+-------+---------+---------+-------
      Total |    2979 |    2587 |  46.5 |     127 |      58 |  31.4
            +---------+---------+-------+---------+---------+-------
        D:1 |      25 |       8 |  24.2 |      18 |       4 |  18.2
        D:2 |      63 |     286 |  81.9 |      18 |      10 |  35.7
        D:3 |     204 |     290 |  58.7 |      19 |       1 |   5.0
        D:4 |     378 |     176 |  31.8 |      18 |       3 |  14.3
        D:5 |     461 |    1299 |  73.8 |      17 |      22 |  56.4
        D:6 |     534 |       0 |   0.0 |      10 |       0 |   0.0
        D:7 |     853 |     199 |  18.9 |      23 |       2 |   8.0
        D:9 |     461 |     195 |  29.7 |       4 |       5 |  55.6
      Sewer |       0 |     134 | 100.0 |       0 |      11 | 100.0
            +---------+---------+-------+---------+---------+-------
